 Dungeon Crawl Stone Soup version 0.18.1-2-ga659475 (webtiles) character file.

124173 Kenran the Executioner (level 16, -3/160 HPs)
             Began as a Hill Orc Berserker on May 8, 2016.
             Was the Champion of Trog.
             Slain by a shock serpent (12 damage)
             ... on level 2 of the Snake Pit.
             The game lasted 01:32:20 (34951 turns).

Kenran the Executioner (Hill Orc Berserker)        Turns: 34951, Time: 01:32:20

Health: -3/160     AC: 36    Str: 23    XL:     16   Next: 92%
Magic:  1/16       EV:  8    Int:  7    God:    Trog [******]
Gold:   2067       SH:  0    Dex: 18    Spells: 0 memorised, 15 levels left

rFire  + + +     SeeInvis +     a - +4 battleaxe "Muijesch" {drain, *Drain +Blink +Rage rF+++}
rCold  + . .     Gourm    +     M - +3 plate armour {rC+}
rNeg   . . .     Faith    .     (shield currently unavailable)
rPois  +         Spirit   .     E - +2 helmet
rElec  .         Dismiss  .     b - +2 cloak
rCorr  .         Reflect  .     P - +2 pair of gloves {Dex+3}
SustAt .         Harm     .     H - +0 pair of boots
MR     +++..                    p - amulet of the gourmand
Stlth  ..........               X - +3 ring of strength
                                K - +4 ring of protection

@: exhausted, about to teleport, very slightly contaminated, regenerating,
slowed, very slow, extremely resistant to hostile enchantments, extremely
unstealthy
A: see invisible, poison resistance, weak 1
a: Berserk, Trog's Hand, Brothers in Arms, Burn Spellbooks, Renounce Religion,
Evoke Blink, Evoke Berserk Rage


You were on level 2 of the Snake Pit.
You worshipped Trog.
Trog was exalted by your worship.
You were near starving.

You visited 4 branches of the dungeon, and saw 24 of its levels.
You also visited: Bailey.

You collected 2444 gold pieces.
You spent 377 gold pieces at shops.

Inventory:

Hand Weapons
 a - the +4 battleaxe "Muijesch" (weapon) {drain, *Drain +Blink +Rage rF+++}
   (Trog gifted it to you on level 10 of the Dungeon)

   A truly terrible weapon, it drains the life of those it strikes.
   It renders you almost immune to fire.
   It lets you blink.
   It lets you go berserk.
   It causes draining when unequipped.
 N - a +4 antimagic battleaxe
 R - a +6 battleaxe of freezing
Armour
 b - a +2 cloak (worn)
 l - a +3 plate armour of fire resistance
 E - a +2 helmet (worn)
 H - a +0 pair of boots (worn)
 M - a +3 plate armour of cold resistance (worn)
 P - a +2 pair of gloves of dexterity (worn)
Jewellery
 o - an uncursed amulet of dismissal {unknown}
 p - an amulet of the gourmand (around neck)
 v - an uncursed ring of wizardry {unknown}
 G - an uncursed ring of sustain attributes {unknown}
 K - a +4 ring of protection (left hand)
 X - a +3 ring of strength (right hand)
Wands
 g - a wand of teleportation (4/9)
 i - a wand of lightning (7/15)
 u - a wand of flame (28/48)
Scrolls
 d - a scroll of fear
 f - 4 scrolls of enchant armour
 m - 2 scrolls of recharging
 n - 4 scrolls of magic mapping
 s - 13 scrolls of remove curse
 t - a scroll of blinking
 x - 2 scrolls of enchant weapon
 y - 7 scrolls of teleportation
 A - a scroll of fog
 I - 5 scrolls of identify
Potions
 h - 2 potions of agility
 k - a potion of berserk rage {unknown}
 q - 3 potions of curing
 r - 2 potions of magic
 w - a potion of brilliance
 z - 2 potions of haste
 B - 2 potions of flight
 F - 4 potions of lignification {unknown}
 J - a potion of invisibility {unknown}
 L - 2 potions of mutation
 S - a potion of beneficial mutation {unknown}
 U - a potion of cure mutation
Books
 e - a book of Annihilations

   Spells                             Type                      Level
   a - Poison Arrow                   Conjuration/Poison           6
   b - Chain Lightning                Conjuration/Air              8
   c - Lehudib's Crystal Spear        Conjuration/Earth            8
   d - Glaciate                       Conjuration/Ice              9
   e - Fire Storm                     Conjuration/Fire             9
   Trog disapproves of the use of such an item.
 O - a book of Unlife

   Spells                             Type                      Level
   a - Recall                         Summoning/Translocation      3
   b - Animate Dead                   Necromancy                   4
   c - Control Undead                 Necromancy                   4
   d - Cigotuvi's Embrace             Necromancy                   5
   e - Death Channel                  Necromancy                   6
   f - Simulacrum                     Ice/Necromancy               6
   Trog disapproves of the use of such an item.
 Y - a book of Debilitation

   Spells                             Type                      Level
   a - Corona                         Hexes                        1
   b - Slow                           Hexes                        2
   c - Gell's Gravitas                Hexes/Translocation          3
   d - Inner Flame                    Hexes/Fire                   3
   e - Cause Fear                     Hexes                        4
   f - Leda's Liquefaction            Hexes/Earth                  4
   Trog disapproves of the use of such an item.
Comestibles
 c - 11 bread rations
 j - 9 meat rations
 C - 7 beef jerkies
 D - 8 slices of pizza


   Skills:
 - Level 19.0 Fighting
 + Level 23.5 Axes
 - Level 15.3 Armour
 - Level 1.5 Dodging


You had 15 spell levels left.
You didn't know any spells.

Dungeon Overview and Level Annotations

Branches:
Dungeon (11/15)            Temple (0/1) D:6            Lair (8/8) D:11
  Swamp (0/4) Lair:4        Snake (3/4) Lair:6        Slime (0/6) Lair:8
    Orc (2/2) D:11            Elf (0/3) Orc:2

Altars:
Cheibriados
Dithmenos
Elyvilon
Kikubaaqudgha
Okawaru
Pakellas
Qazlal
Ru
Sif Muna
Xom
Yredelemnul
Beogh
Jiyva

Shops:
D:6 *?   Orc:1 [   Orc:2 :[!

Annotations:
Lair:1 exclusion: oklob plant
Snake:2 Jorgrun


Innate Abilities, Weirdness & Mutations

You have supernaturally acute eyesight.
Your system is resistant to poisons.
You are weak. (Str -2)


Message History

The mana viper bites you but does no damage.
Jorgrun hits you with a quarterstaff of crushing!
* * * LOW HITPOINT WARNING * * *
x2 The black mamba bites you but does no damage. x2
You feel very sick. The shock serpent bites you!
* * * LOW HITPOINT WARNING * * *
The shock serpent shocks you!
* * * LOW HITPOINT WARNING * * *
Jorgrun points at you and mumbles some strange words.
You resist with almost no effort. The shock serpent closely misses you.
Drink which item? (? for menu, Esc to quit)
Okay, then.
Read which item? (? for menu, Esc to quit)
Okay, then.
Drink which item? (? for menu, Esc to quit)
You feel better. The shock serpent bites you!
* * * LOW HITPOINT WARNING * * *
The shock serpent shocks you!
You die...

######..##...#.#..# ##.......#.
.# #...#####.##### #.....###. ##
##.<.#.....#..# ##.#.##.#. #
#...#....(#..## ##..#....#.
#.....(.((##..###...###....
######...#.(...((..(#......#....
#....##########.#((.#......#..##
##...##...#....#.##.##......#..#.
#....#....#.####@#S..#......####.
#............#..gSS..#.>...).#...
######......##.##S†..#.#...#.#.#.
..#.........#..........#####...##
...........###.##.......#........
.###.......#....#...............#
##.#...##.##..).##.....##.......#
...##.##...#.....##.#..#.........
......#....###...#..####..).....#


You could see Jorgrun, a shock serpent and 2 black mambas.

Vanquished Creatures
  Vashnia (Snake:2)
  Saint Roka (Orc:2)
  2 greater nagas (Snake:2)
  3 orc warlords
  The ghost of DrakieV the Brawler, a journeyman TrMo of Cheibriados (Lair:6)
  Nessos (Orc:2)
  A stone giant (Orc:2)
  An ettin (Orc:1)
  Harold (Lair:1)
  The ghost of swiechu the Cleaver, a journeyman FoFi of Ru (D:10)
  10 naga warriors
  7 hydras
  3 anacondas
  3 death yaks (Lair:7)
  Urug (Orc:1)
  6 orc high priests
  4 shock serpents
  12 naga sharpshooters
  2 salamander mystics
  2 naga ritualists (Snake:1)
  2 mana vipers
  A griffon (Lair:8)
  4 orc sorcerers
  4 orc knights
  21 elephants
  4 salamanders
  A guardian serpent (Snake:2)
  26 black mambas
  10 naga magi
  9 spiny frogs
  A torpor snail (Lair:7)
  A gargoyle (D:10)
  A redback zombie (D:11)
  3 rime drakes
  2 spriggan druids (Lair:8)
  7 komodo dragons
  4 trolls
  6 polar bears
  5 two-headed ogres
  2 giant leeches (Lair:4)
  28 blink frogs
  A boulder beetle (Lair:5)
  A vampire (D:10)
  6 redbacks (Lair:8)
  9 spriggans (Lair:8)
  4 fire bats (Lair:3)
  A wraith (D:10)
  Sigmund (D:2)
  32 yaks
  A human (D:11)
  6 hippogriffs
  2 hungry ghosts
  Grum (D:8)
  4 basilisks
  6 wargs
  Menkaure (D:7)
  24 nagas
  A swamp worm (Lair:4)
  19 water moccasins
  2 hell hounds (D:11)
  Duvessa (D:6)
  58 orc warriors
  14 porcupines
  A black bear (Lair:8)
  2 sky beasts
  2 wasps (Lair:8)
  2 ice beasts
  A phantom (D:5)
  2 necrophages (D:10)
  15 ogres
  6 centaurs
  34 wolves
  7 crocodiles
  A big kobold (D:7)
  14 giant frogs
  Dowan (D:6)
  3 scorpions
  A water moccasin skeleton (D:5)
  4 killer bees (D:11)
  5 wights (D:11)
  An electric eel (Lair:3)
  3 howler monkeys
  6 crimson imps
  A lava snake (Lair:3)
  3 giant frog zombies
  3 jellies
  3 centaur skeletons
  A centaur zombie (D:7)
  A gnoll shaman (D:8)
  5 hounds
  37 orc priests
  8 iguanas
  Ijyb (D:2)
  Natasha (thrice) (D:2)
  25 orc wizards
  6 hell rats (Lair:7)
  5 worker ants
  A killer bee zombie (D:7)
  29 sheep
  A hound zombie (D:5)
  4 hound skeletons
  A worker ant zombie (D:5)
  9 gnolls
  80 river rats
  11 adders
  4 shadow imps
  12 white imps (Lair:3)
  An ooze (D:2)
  2 adder skeletons
  A dart slug (D:1)
  3 worms
  4 giant geckos
  131 orcs
  4 ball pythons
  6 giant cockroaches
  18 goblins
  14 hobgoblins
  13 jackals
  12 kobolds
  4 quokkas
  3 bats (D:1)
  13 giant newts
  5 rats (D:1)
  A butterfly (D:5)
  13 fungi
  9 plants
1022 creatures vanquished.

Vanquished Creatures (others)
  2 bushes (Lair:8)
  33 fungi
  14 plants
49 creatures vanquished.

Grand Total: 1071 creatures vanquished

Notes
Turn   | Place    | Note
--------------------------------------------------------------
     0 | D:1      | Kenran the Hill Orc Berserker began the quest for the Orb.
     0 | D:1      | Reached XP level 1. HP: 19/19 MP: 1/1
   235 | D:1      | Reached XP level 2. HP: 22/26 MP: 2/2
   275 | D:1      | Reached skill level 5 in Axes
   543 | D:1      | Reached XP level 3. HP: 31/31 MP: 3/3
   577 | D:1      | Reached ** piety under Trog
   942 | D:2      | Noticed Sigmund
   992 | D:2      | Found a basalt altar of Yredelemnul.
   992 | D:2      | Found a deep blue altar of Sif Muna.
  1038 | D:2      | Killed Sigmund
  1038 | D:2      | Reached skill level 8 in Axes
  1038 | D:2      | Reached XP level 4. HP: 39/39 MP: 4/4
  1038 | D:2      | Reached XP level 5. HP: 45/45 MP: 5/5
  1103 | D:2      | Found a snail-covered altar of Cheibriados.
  1103 | D:2      | Found a shadowy altar of Dithmenos.
  1164 | D:2      | Noticed Ijyb
  1170 | D:2      | Killed Ijyb
  1376 | D:2      | Noticed Natasha
  1384 | D:2      | Killed Natasha
  1384 | D:2      | Reached XP level 6. HP: 37/51 MP: 6/6
  1690 | D:2      | Noticed Natasha
  1700 | D:2      | Killed Natasha
  1820 | D:2      | Noticed Natasha
  1830 | D:2      | Killed Natasha
  1830 | D:2      | Reached skill level 9 in Axes
  2405 | D:3      | Reached *** piety under Trog
  3055 | D:4      | Reached skill level 5 in Fighting
  3188 | D:4      | Reached XP level 7. HP: 44/61 MP: 7/7
  3744 | D:5      | Entered Level 5 of the Dungeon
  3759 | D:5      | Found a shimmering altar of Xom.
  4181 | D:5      | Reached skill level 10 in Axes
  4306 | D:5      | Reached XP level 8. HP: 57/71 MP: 8/8
  4672 | D:5      | Found an iron altar of Okawaru.
  4948 | D:5      | Reached **** piety under Trog
  5002 | D:6      | Found Figuusos's Assorted Antiques.
  5005 | D:6      | Noticed Dowan
  5006 | D:6      | Noticed Duvessa
  5162 | D:5      | Reached skill level 11 in Axes
  5279 | D:6      | Killed Duvessa
  5289 | D:6      | Killed Dowan
  5369 | D:6      | Reached skill level 12 in Axes
  5643 | D:6      | Bought a scroll labeled KEILOM LE JUOGH for 28 gold pieces
  5643 | D:6      | Bought a scroll labeled UHIRHE CA XAR for 28 gold pieces
  5643 | D:6      | Bought a scroll labeled FOCSASU UHITZA for 28 gold pieces
  6018 | D:6      | Reached skill level 13 in Axes
  6038 | D:6      | Reached XP level 9. HP: 40/78 MP: 9/9
  6215 | D:6      | Found an oddly glowing altar of Pakellas.
  6423 | D:6      | Found Gasmeodo's Magic Scroll Boutique.
  6426 | D:6      | Bought a scroll of enchant weapon for 82 gold pieces
  6653 | D:6      | Found a staircase to the Ecumenical Temple.
  6796 | D:7      | Reached skill level 14 in Axes
  7411 | D:7      | Noticed Menkaure
  7419 | D:7      | Killed Menkaure
  8318 | D:7      | Gained mutation: You are dopey. (Int -2) [mutagenic meat]
  8319 | D:7      | Gained mutation: You are very dopey. (Int -4) [mutagenic meat]
  8320 | D:7      | Gained mutation: Your natural rate of healing is unusually fast. [mutagenic meat]
  8321 | D:7      | Gained mutation: Your system is resistant to poisons. [mutagenic meat]
  8972 | D:8      | Noticed Grum
  8974 | D:8      | Found an ancient bone altar of Kikubaaqudgha.
  8983 | D:8      | Killed Grum
  9068 | D:8      | Found a stormy altar of Qazlal.
  9089 | D:8      | Noticed a two-headed ogre
  9096 | D:8      | Killed a two-headed ogre
  9096 | D:8      | Reached skill level 10 in Fighting
  9096 | D:8      | Reached XP level 10. HP: 93/93 MP: 10/10
  9679 | D:9      | Reached ***** piety under Trog
 10091 | D:9      | Found a white marble altar of Elyvilon.
 10377 | D:9      | Found a shimmering altar of Xom.
 10560 | D:10     | Entered Level 10 of the Dungeon
 10647 | D:10     | Lost mutation: Your natural rate of healing is unusually fast. [potion of cure mutation]
 10647 | D:10     | Lost mutation: You are very dopey. (Int -4) [potion of cure mutation]
 10647 | D:10     | Lost mutation: Your system is resistant to poisons. [potion of cure mutation]
 10647 | D:10     | Lost mutation: You are dopey. (Int -2) [potion of cure mutation]
 10741 | D:10     | Received a gift from Trog
 10769 | D:10     | Reached skill level 5 in Armour
 10772 | D:10     | Got a smoking battleaxe {god gift}
 11046 | D:10     | Identified the +4 battleaxe "Muijesch" {drain, *Drain +Blink +Rage rF+++} (Trog gifted it to you on level 10 of the Dungeon)
 11067 | D:10     | Noticed a gargoyle
 11085 | D:10     | Killed a gargoyle
 11759 | D:10     | Noticed swiechu's ghost (journeyman FoFi)
 11771 | D:10     | Killed swiechu's ghost
 11771 | D:10     | Reached XP level 11. HP: 102/102 MP: 11/11
 12496 | D:11     | Found a staircase to the Orcish Mines.
 12519 | D:11     | Reached skill level 10 in Armour
 12985 | D:11     | Found a staircase to the Lair.
 12998 | D:11     | Reached skill level 15 in Axes
 13447 | D:11     | Received a gift from Trog
 13453 | D:11     | Reached skill level 16 in Axes
 13711 | Lair:1   | Entered Level 1 of the Lair of Beasts
 13748 | Lair:1   | Noticed Harold
 13765 | Lair:1   | Killed Harold
 13916 | Lair:1   | Noticed an oklob plant
 14588 | Lair:2   | Reached skill level 17 in Axes
 14900 | Lair:2   | Reached XP level 12. HP: 99/110 MP: 12/12
 15621 | Lair:1   | Reached skill level 18 in Axes
 15626 | Lair:1   | Reached ****** piety under Trog
 16152 | Lair:3   | Received a gift from Trog
 16310 | Lair:3   | Noticed a seven-headed hydra
 16336 | Lair:3   | Killed a ten-headed hydra
 16667 | Lair:3   | Reached skill level 19 in Axes
 17020 | Lair:3   | Found a sacrificial altar of Ru.
 17483 | Lair:4   | Noticed a seven-headed hydra
 17490 | Lair:4   | Killed a ten-headed hydra
 18087 | Lair:4   | Reached skill level 20 in Axes
 18217 | Lair:4   | Received a gift from Trog
 18544 | Lair:4   | Found a staircase to the Swamp.
 18582 | Lair:4   | Noticed a five-headed hydra
 18589 | Lair:4   | Killed an eight-headed hydra
 18589 | Lair:4   | Reached XP level 13. HP: 116/116 MP: 13/13
 20014 | Lair:5   | Received a gift from Trog
 20692 | Lair:6   | Noticed DrakieV's ghost (journeyman TrMo)
 20706 | Lair:6   | Killed DrakieV's ghost
 21167 | Lair:6   | Found a staircase to the Snake Pit.
 21547 | Lair:6   | Reached XP level 14. HP: 104/130 MP: 14/14
 21718 | Lair:6   | Received a gift from Trog
 22387 | Orc:1    | Entered Level 1 of the Orcish Mines
 22387 | Orc:1    | Noticed Urug
 22394 | Orc:1    | Killed Urug
 22450 | Orc:2    | Entered Level 2 of the Orcish Mines
 22632 | Orc:1    | Found Zaebaref's Armour Boutique.
 22656 | Orc:1    | Bought a +2 helmet for 181 gold pieces
 22697 | Orc:1    | Noticed an orc warlord
 22717 | Orc:1    | Killed an orc warlord
 22718 | Orc:1    | Found a flagged portal.
 22739 | Bailey   | Entered a bailey
 22949 | Orc:1    | Received a gift from Trog
 23451 | Orc:2    | Found a roughly hewn altar of Beogh.
 23552 | Orc:2    | Reached skill level 15 in Fighting
 23691 | Orc:2    | Found Xuybau's Jewellery Boutique.
 23712 | Orc:2    | Found Nusuinou's Book Shop.
 23815 | Orc:2    | Noticed Saint Roka
 24414 | Orc:2    | Killed Saint Roka
 24764 | Orc:2    | Noticed Nessos
 24772 | Orc:2    | Killed Nessos
 24795 | Orc:2    | Noticed an orc warlord
 24805 | Orc:2    | Killed an orc warlord
 24938 | Orc:2    | Received a gift from Trog
 25139 | Orc:2    | Found a staircase to the Elven Halls.
 25205 | Orc:2    | Received a gift from Trog
 25596 | Orc:2    | Noticed an orc warlord
 25616 | Orc:2    | Killed an orc warlord
 25616 | Orc:2    | Reached XP level 15. HP: 97/147 MP: 15/15
 25911 | Orc:2    | Found a roughly hewn altar of Beogh.
 26174 | Orc:2    | Found Leosoeto's Distillery.
 26182 | Orc:2    | Bought a potion of mutation for 30 gold pieces
 26182 | Orc:2    | Gained mutation: Your system is resistant to poisons. [potion of mutation]
 26182 | Orc:2    | Gained mutation: You are weak. (Str -2) [potion of mutation]
 26182 | Orc:2    | Gained mutation: You have supernaturally acute eyesight. [potion of mutation]
 26202 | Orc:2    | Found Beyhula's Armour Emporium.
 26893 | Lair:7   | Received a gift from Trog
 27568 | Lair:7   | Found a runed door.
 28132 | Lair:8   | Entered Level 8 of the Lair of Beasts
 28145 | Lair:8   | Found a staircase to the Slime Pits.
 28309 | Lair:8   | Received a gift from Trog
 28437 | Lair:8   | Reached skill level 21 in Axes
 28958 | Lair:8   | Found a viscous altar of Jiyva.
 29368 | Snake:1  | Entered Level 1 of the Snake Pit
 29500 | Snake:1  | Received a gift from Trog
 29653 | Lair:6   | Reached skill level 22 in Axes
 29653 | Lair:6   | Reached XP level 16. HP: 98/160 MP: 16/16
 31742 | Snake:1  | Reached skill level 15 in Armour
 32603 | Snake:2  | Received a gift from Trog
 33737 | Snake:2  | Noticed Vashnia
 33779 | Snake:2  | Noticed a greater naga
 33792 | Snake:2  | Killed a greater naga
 33924 | Snake:2  | Reached skill level 23 in Axes
 34187 | Snake:2  | Noticed a greater naga
 34197 | Snake:2  | Killed a greater naga
 34403 | Snake:2  | Killed Vashnia
 34913 | Snake:3  | Noticed Jorgrun
 34950 | Snake:2  | HP: 5/160 [shock serpent (14)]
 34951 | Snake:2  | Slain by a shock serpent

Skill      XL: |  1  2  3  4  5  6  7  8  9 10 11 12 13 14 15 16 |
---------------+-------------------------------------------------+-----
Axes           | 5 8 9 10 13 14 17 20 22 23 | 23.5
Fighting       | 5 6 10 11 13 17 19 | 19.0
Armour         | 8 10 13 15 | 15.3
Dodging        | |  1.5

Action                   |  1- 3 |  4- 6 |  7- 9 | 10-12 | 13-15 | 16-18 || total
-------------------------+-------+-------+-------+-------+-------+-------++-------
Melee: Hand axe          |    97 |   169 |   593 |   229 |       |       ||  1088
       Battleaxe         |       |       |       |   527 |  1196 |   355 ||  2078
Invok: Berserk           |     1 |     1 |     9 |     6 |     5 |     5 ||    27
       Trog's Hand       |       |       |     1 |     1 |       |     3 ||     5
       Burn Spellbooks   |       |       |       |     6 |     2 |     1 ||     9
 Abil: Evoke Blink       |       |       |       |     1 |       |       ||     1
  Use: Scroll            |       |     6 |     4 |     8 |     9 |     3 ||    30
       Potion            |       |       |       |     8 |     1 |     5 ||    14
  Eat: Chunk             |       |     9 |    45 |    49 |    42 |     5 ||   150
       Meat ration       |       |       |     1 |       |       |       ||     1
       Fruit             |       |       |       |     3 |       |     8 ||    11
       Pizza             |       |       |       |     1 |       |     1 ||     2
Armor: Animal skin       |    20 |       |       |       |       |       ||    20
       Ring mail         |    17 |     1 |       |       |       |       ||    18
       Chain mail        |       |    57 |   147 |   351 |   407 |       ||   962
       Plate armour      |       |       |    35 |   145 |   348 |   326 ||   854
       Skin              |       |       |    10 |       |       |       ||    10
Dodge: Dodged            |    59 |    55 |   196 |   248 |   422 |   123 ||  1103
